 Dungeon Crawl Stone Soup version 0.29-a0-857-g9b1aa3ac5b (webtiles) character file.

Game seed: 16125146207485136928

657 jimonade the Twirler (level 7, 0/56 HPs)
             Began as a Formicid Fighter on July 17, 2022.
             Slain by an orc
             ... wielding a +0 club
              (3 damage)
             ... on level 4 of the Dungeon.
             The game lasted 00:06:53 (4020 turns).

jimonade the Twirler (Formicid Fighter)             Turns: 4020, Time: 00:06:53

Health: 0/56       AC: 13    Str: 20    XL:     7   Next: 85%
Magic:  7/7        EV:  5    Int: 10    God:
Gold:   38         SH:  5    Dex: 13    Spells: 6/6 levels left

rFire   + . .      SeeInvis +   v - +3 quarterstaff (chaos)
rCold   + . .      Faith    .   c - +0 buckler
rNeg    . . .      Spirit   .   k - +0 plate armour
rPois   .          Reflect  .   (helmet unavailable)
rElec   .          Harm     .   y - scarf {rC+ rF+}
rCorr   .          Rampage  .   q - +0 pair of gloves
Will    .....                   (no boots)
Stlth   ..........              (no amulet)
HPRegen 0.18/turn               (no ring)
MPRegen 0.10/turn               (no ring)

@: no status effects
A: permanent stasis, dig shafts and tunnels, antennae 3, four strong arms
a: Dig, Shaft Self


You were on level 4 of the Dungeon.
You visited 1 branch of the dungeon, and saw 5 of its levels.

You collected 126 gold pieces.
You spent 88 gold pieces at shops.

Inventory:

Hand Weapons
 a - a +0 quarterstaff
 v - a +3 quarterstaff of chaos (weapon)
Missiles
 h - 4 poisoned darts
 l - 4 boomerangs (quivered)
 C - 6 curare-tipped darts
Armour
 b - a +0 scale mail
 c - a +0 buckler (worn)
 i - a +0 leather armour
 k - a +0 plate armour (worn)
 q - a +0 pair of gloves (worn)
 t - a +2 robe of fire resistance
 w - a +0 cloak
 y - a scarf of resistance (worn)
Scrolls
 e - a scroll of acquirement {unknown}
 f - 3 scrolls of teleportation {unknown}
 j - a scroll of silence {unknown}
 n - 3 scrolls of immolation {unknown}
 p - a scroll of brand weapon {unknown}
 u - 2 scrolls of enchant armour {unknown}
 x - 2 scrolls of fear {unknown}
Potions
 d - a potion of might
 g - a potion of invisibility
 m - 3 potions of heal wounds
 o - 8 potions of resistance
 r - 2 potions of curing
 s - a potion of ambrosia
 z - a potion of brilliance
 A - 2 potions of cancellation
 B - 2 potions of attraction {unknown}


   Skills:
 * Level 5.5 Fighting
 + Level 5.9 Staves
 + Level 4.9 Armour
 + Level 4.7 Shields


You had 6 spell levels left.
You didn't know any spells.
Your spell library contained the following spells:

 Spells                   Type           Power      Damage    Failure   Level
 Call Canine Familiar     Summ           0%         N/A       100%        3
 Ozocubu's Armour         Ice            0%         N/A       100%        3
 Portal Projectile        Hex/Tloc       0%         N/A       100%        3
 Leda's Liquefaction      Hex/Erth       0%         N/A       100%        4
 Ozocubu's Refrigeration  Ice            0%         4d5       100%        7


Dungeon Overview and Level Annotations

Branches:
Dungeon (5/15)
 Temple: D:4-7

Altars:

Shops:
D:1 **   D:4 !


Innate Abilities, Weirdness & Mutations

You cannot be hasted, slowed, berserked, paralysed or teleported.
You can dig through walls and to a lower floor.
You have a pair of large antennae on your head. (SInv)
Your four strong arms can wield two-handed weapons with a shield.


Message History

The gnoll hits you from afar with a +0 spear.
The gnoll hits you with a +0 club!
You sock the gnoll! You burn the gnoll.
You kill the gnoll!
The gnoll completely misses you. You block the gnoll's attack.
The gnoll hits you but does no damage.
You hit the gnoll.
The gnoll is heavily wounded.
The gnoll hits you but does no damage. x2; You block the gnoll's attack.
An iguana comes into view.
You sock the gnoll!
You kill the gnoll!
You block the gnoll's attack. The gnoll hits you but does no damage.
An orc comes into view. It is wielding a +0 club.
You block the iguana's attack.
You hit the iguana but do no damage.
Space warps around the iguana.
The iguana is moderately wounded.
The gnoll throws a boomerang of dispersal.
The boomerang of dispersal hits you but does no damage.
The gnoll hits you with a +0 club. The iguana bites you!
You hit the iguana.
The iguana is moving more slowly.
The iguana is severely wounded.
The gnoll barely misses you. The gnoll hits you but does no damage.
The iguana bites you! The gnoll hits you with a +0 club.
The gnoll hits you from afar with a +0 spear.
* * * LOW HITPOINT WARNING * * *
The orc hits you with a +0 club.
* * * LOW HITPOINT WARNING * * *
The iguana bites you!
* * * LOW HITPOINT WARNING * * *
You climb upwards.
There is a stone staircase leading down here.
You sock the gnoll! You freeze the gnoll.
You kill the gnoll!
The orc hits you but does no damage. The iguana barely misses you.
You hit the orc.
The orc is lightly wounded.
The iguana stops moving altogether!
The orc hits you with a +0 club.
You die...

..#######....#....#..............
.............#....#..............
.............#....#..............
##...........#.........)..)).....
.#...........#.....#..###))##....
.########....####..######..##....
<##.....#..........# #....##....
###.....#......l...# #.....#....
#......+......o@..# #.....#....
#......#.....>)...# #.....#....
#......#..........# #.....#....
###....##..........# #.....#....
..#....#..........[# #.....#....
.......#...........# #....†#....
.......#...........# #.....#....
.......'...........# #.....#....
.......#...........# #.....#....


You could see an iguana (petrified) and an orc.

Vanquished Creatures
  Sigmund (D:2)
  A scorpion (D:4)
  A hound (D:4)
  2 orc priests (D:4)
  Crazy Yiuf (D:2)
  Jessica (D:2)
  An iguana (D:5)
  3 orc wizards
  7 gnolls
  2 adders
  A white imp (D:5)
  3 worms
  3 dart slugs
  11 orcs
  5 ball pythons
  8 bats
  4 endoplasms
  4 giant cockroaches
  7 goblins
  6 hobgoblins
  3 jackals (D:2)
  2 quokkas
  4 frilled lizards
  2 kobolds (D:1)
  5 rats
88 creatures vanquished.

Notes
Turn   | Place    | Note
-------+----------+-------------------------------------------
     0 | D:1      | jimonade the Formicid Fighter began the quest for the Orb.
     0 | D:1      | Reached XP level 1. HP: 18/18 MP: 1/1
   131 | D:1      | Reached XP level 2. HP: 21/24 MP: 2/2
   169 | D:1      | Found Sielueg's Assorted Antiques.
   609 | D:1      | Found Ittutzar's Assorted Antiques.
   663 | D:1      | Reached XP level 3. HP: 30/30 MP: 3/3
   784 | D:1      | Found a faded altar of an unknown god.
  1183 | D:2      | Noticed Sigmund
  1204 | D:2      | Killed Sigmund
  1205 | D:2      | Reached XP level 4. HP: 36/38 MP: 4/4
  1205 | D:2      | Reached XP level 5. HP: 41/43 MP: 5/5
  1205 | D:2      | Reached XP level 6. HP: 46/49 MP: 6/6
  1461 | D:2      | Found a runed translucent door.
  1462 | D:2      | Noticed Crazy Yiuf
  1476 | D:2      | Killed Crazy Yiuf
  1831 | D:2      | Noticed Jessica
  1838 | D:2      | Killed Jessica
  2551 | D:3      | Reached skill level 5 in Staves
  2819 | D:4      | Reached XP level 7. HP: 55/55 MP: 7/7
  3071 | D:4      | Reached skill level 5 in Fighting
  3641 | D:4      | Found Nyckal's Distillery.
  3649 | D:4      | Bought a potion of heal wounds for 55 gold pieces
  3649 | D:4      | Bought a potion of curing for 33 gold pieces
  3681 | D:5      | Entered Level 5 of the Dungeon
  4017 | D:5      | HP: 2/56 [iguana (9)]
  4020 | D:4      | Slain by an orc

Illustrated notes

Levels and vault maps discovered:
D:1:      minmay_arrival_pointy, layout_loops_ring,
          hellmonk_ecumenical_altar_crossroads, serial_shops,
          nicolae_shop_trees, nicolae_shop_hallway_plus
D:2:      layout_loops_cross, uniq_sigmund, uniq_crazy_yiuf_cottage,
          uniq_jessica
D:3:      layout_basic, grunt_ministairs_13, due_unseen_surprise
D:4:      minmay_angry_zag, layout_gridville, serial_shops, nicolae_square_shop
D:5:      layout_loops_ring, minmay_misc_feat_hallway, st_stairs_12,
          uniq_grinder

Skill      XL: |  1  2  3  4  5  6  7 |
---------------+----------------------+-----
Fighting       | 4 5 |  5.5
Staves         | 4 5 |  5.9
Armour         | 4 |  4.9
Shields        | |  4.7

Action                   |  1- 3 |  4- 6 |  7- 9 || total
-------------------------+-------+-------+-------++-------
Melee: Quarterstaff      |    87 |    94 |    62 ||   243
       Unarmed           |       |     2 |       ||     2
Throw: Boomerang         |       |       |     4 ||     4
  Use: Scroll            |       |       |     4 ||     4
Armor: Scale mail        |    21 |       |       ||    21
       Plate armour      |    47 |    42 |    41 ||   130
Dodge: Dodged            |    35 |    18 |    15 ||    68
Block: Buckler           |    20 |    24 |    15 ||    59

Table legend: (Time is in decaauts)
 A = Elapsed time spent in this place.
 B = Non-inter-level travel time spent in this place.
 C = Inter-level travel time spent in this place.
 D = Time resting spent in this place.
 E = Time spent auto-exploring this place.
 F = Levels seen in this place.
 G = Mean time per level.
                   A        B        C        D        E       F      G
               +--------+--------+--------+--------+--------+-----+--------+
         Total |   4051 |   3942 |    109 |    565 |   2629 |   5 |  810.2 |
       Dungeon |   4051 |   3942 |    109 |    565 |   2629 |   5 |  810.2 |
               +--------+--------+--------+--------+--------+-----+--------+

Top non-repeatable levels by time:
     D:4: 1102 daAuts
     D:2: 1091 daAuts
     D:1: 919 daAuts
     D:3: 810 daAuts
     D:5: 128 daAuts
